 Dungeon Crawl Stone Soup version 0.27.1-1-g398f81649c (webtiles) character file.

Game seed: 13981434955639880158

669036 speeev33 the Conqueror (level 27, -9/218 HPs)
             Began as a Hill Orc Fighter on Sept 16, 2021.
             Was a High Priest of Okawaru.
             Mangled by a death cob (11 damage)
             ... summoned by a shadow demon
             ... summoned by a dread lich
             ... while paralysed by a dread lich
             ... on level 5 of the Realm of Zot on Sept 17, 2021.
             The game lasted 03:16:39 (78941 turns).

speeev33 the Conqueror (Hill Orc Fighter)          Turns: 78941, Time: 03:16:41

Health: -9/218     AC: 50    Str: 31    XL:     27
Magic:  0/22       EV:  2    Int: 15    God:    Okawaru [*****.]
Gold:   8422       SH:  0    Dex:  4    Spells: 26/26 levels left

rFire    + + .     SeeInvis +   b - +9 broad axe (spect)
rCold    + + +     Faith    .   A - +8 tower shield
rNeg     + + +     Spirit   +   l - +12 crystal plate armour of Yxtoz {Str+4 Int+3}
rPois    +         Reflect  .   n - +2 helmet of Azodouma {rC+ Int+4 SInv Stlth+}
rElec    +         Harm     .   s - scarf {rC+ rF+}
rCorr    +         Rampage  .   N - +2 pair of gloves {Str+3}
Will     ++...     Rnd*Rage +   x - +0 pair of boots of the Wilderness {rN+++ Str-3 Int+4} Stlth ..........Rnd*Tele +
                                i - amulet "Kininnuf" {Spirit rPois rC+}
HPRegen  0.46/turn              m - ring "Rutecatiwun" {Fly rElec AC+4 Dex-3 Slay+6}
MPRegen  0.18/turn              J - ring "Tyomonir" {rF+ rCorr Slay+3}

@: paralysed, unable to read, flying, slowed, studying 3 skills
A: talons 1, camouflage 1, berserk 1, clumsy 2, deformed body, dopey 2, frail 2,
low mp 2, screaming 1, teleportitis 1, weak 2, subdued magic 1, inability to
read while threatened
}: 3/15 runes: decaying, serpentine, silver
a: Renounce Religion, Heroism, Finesse


You were on level 5 of the Realm of Zot.
You worshipped Okawaru.
Okawaru was extremely pleased with you.
You visited 10 branches of the dungeon, and saw 50 of its levels.
You visited the Abyss 2 times.
You visited 1 bazaar.
You also visited: Trove and Bailey.

You collected 11412 gold pieces.
You spent 2990 gold pieces at shops.

Inventory:

Hand Weapons
 a - a +1 broad axe of flaming
 b - a +9 spectral broad axe (weapon)
 Z - the +14 obsidian axe {vorpal, Drain Fly SInv}
   (Okawaru gifted it to you on level 3 of the Depths)

   It inflicts extra damage upon your enemies.
   It occasionally summons demons to assist the wielder when it strikes in
   combat.
   Its wielder is mesmerised by any visible foes.
   It cannot be unequipped while any foes are visible.
   SInv:      It lets you see invisible.
   Fly:       It grants you flight.
   Drain:     It drains your maximum health when unequipped.
Missiles
 d - 7 throwing nets (quivered)
Armour
 l - the +12 crystal plate armour of Yxtoz (worn) {Str+4 Int+3}
   (You found it in a treasure trove)

   Str:       It affects your strength (+4).
   Int:       It affects your intelligence (+3).
 n - the +2 helmet of Azodouma (worn) {rC+ Int+4 SInv Stlth+}
   (You bought it in a shop on level 1 of the Depths)

   Int:       It affects your intelligence (+4).
   rC:        It protects you from cold.
   SInv:      It lets you see invisible.
   Stlth:     It makes you more stealthy.
 s - a scarf of resistance (worn)
 t - a +1 hat of willpower
 x - the +0 pair of boots of the Wilderness (worn) {rN+++ Str-3 Int+4}
   (You acquired it on level 14 of the Dungeon)

   Str:       It affects your strength (-3).
   Int:       It affects your intelligence (+4).
   rN:        It renders you almost immune to negative energy.
 A - a +8 tower shield (worn)
 N - a +2 pair of gloves of strength (worn)
Jewellery
 i - the amulet "Kininnuf" (around neck) {Spirit rPois rC+}
   (You found it in a treasure trove)

   [amulet of guardian spirit]

   It causes incoming damage to be divided between your reserves of health and
   magic.
   rC:        It protects you from cold.
   rPois:     It protects you from poison.
 m - the ring "Rutecatiwun" (left hand) {Fly rElec AC+4 Dex-3 Slay+6}
   (You acquired it on level 5 of the Dungeon)

   [ring of protection]

   AC:        It affects your AC (+4).
   Dex:       It affects your dexterity (-3).
   Slay:      It affects your accuracy & damage with ranged weapons and melee
   (+6).
   rElec:     It insulates you from electricity.
   Fly:       It grants you flight.
 J - the ring "Tyomonir" (right hand) {rF+ rCorr Slay+3}
   (You acquired it on level 3 of the Lair of Beasts)

   [ring of protection from fire]

   Slay:      It affects your accuracy & damage with ranged weapons and melee
   (+3).
   rF:        It protects you from fire.
   rCorr:     It protects you from acid and corrosion.
Wands
 g - a wand of acid (1)
 k - a wand of iceblast (98)
 o - a wand of mindburst (58)
 u - a wand of polymorph (55)
 M - a wand of digging (13)
 O - a wand of flame (184)
 S - a wand of paralysis (46)
Scrolls
 h - 3 scrolls of blinking
 r - 8 scrolls of fog
 w - 20 scrolls of teleportation
 y - 2 scrolls of silence
 B - 11 scrolls of fear
 E - 4 scrolls of holy word
 G - 3 scrolls of brand weapon
 P - 7 scrolls of amnesia
 Q - 17 scrolls of identify
 R - 6 scrolls of enchant armour
 T - 2 scrolls of magic mapping
 W - 2 scrolls of enchant weapon
 Y - 4 scrolls of summoning
Potions
 e - 7 potions of cancellation
 f - 20 potions of curing
 j - 2 potions of brilliance
 p - 8 potions of haste
 v - 10 potions of heal wounds
 z - 12 potions of lignification
 C - 5 potions of ambrosia
 I - 10 potions of mutation
 K - 6 potions of invisibility
 L - 4 potions of might
 U - 6 potions of resistance
 V - 4 potions of berserk rage
Miscellaneous
 c - a condenser vane
 q - a piece from Xom's chessboard (15/15)
 X - a phantom mirror


   Skills:
 O Level 27 Fighting
 + Level 21.9 Axes
 O Level 27 Armour
 - Level 25.0 Shields
 - Level 7.0 Invocations
 + Level 20.2 Evocations


You had 26 spell levels left.
You didn't know any spells.
Your spell library contained the following spells:

 Spells                   Type           Power      Damage    Failure   Level
 Animate Skeleton         Necr           0%         N/A       77%         1
 Foxfire                  Conj/Fire      0%         2x1d4     77%         1
 Freeze                   Ice            0%         1d3       77%         1
 Magic Dart               Conj           0%         1d3       77%         1
 Pain                     Necr           0%         1d4       77%         1
 Sandblast                Erth           0%         2d4       77%         1
 Sting                    Tmut/Pois      0%         1d3       77%         1
 Summon Small Mammal      Summ           0%         N/A       77%         1
 Blink                    Tloc           N/A        N/A       88%         2
 Call Imp                 Summ           0%         N/A       88%         2
 Corpse Rot               Necr/Air       N/A        N/A       88%         2
 Passwall                 Tmut/Erth      0%         N/A       88%         2
 Poisonous Vapours        Pois/Air       0%         N/A       88%         2
 Searing Ray              Conj           0%         3d3       88%         2
 Slow                     Hex            0%         N/A       88%         2
 Static Discharge         Conj/Air       0%         N/A       88%         2
 Sublimation of Blood     Necr           0%         N/A       88%         2
 Wereblood                Tmut           0%         N/A       88%         2
 Call Canine Familiar     Summ           0%         N/A       98%         3
 Confusing Touch          Hex            0%         N/A       98%         3
 Conjure Flame            Conj/Fire      0%         6-21      98%         3
 Dazzling Flash           Conj/Hex       0%         N/A       98%         3
 Frozen Ramparts          Ice            0%         1d2       98%         3
 Gell's Gravitas          Tloc           0%         N/A       98%         3
 Ignite Poison            Fire/Tmut/Pois 0%         N/A       98%         3
 Inner Flame              Hex/Fire       0%         N/A       98%         3
 Lesser Beckoning         Tloc           0%         N/A       98%         3
 Mephitic Cloud           Conj/Pois/Air  0%         N/A       98%         3
 Ozocubu's Armour         Ice            0%         N/A       98%         3
 Portal Projectile        Hex/Tloc       0%         N/A       98%         3
 Spider Form              Tmut/Pois      0%         N/A       98%         3
 Summon Guardian Golem    Hex/Summ       0%         N/A       98%         3
 Swiftness                Air            0%         N/A       98%         3
 Teleport Other           Tloc           0%         N/A       98%         3
 Vampiric Draining        Necr           0%         2d6       98%         3
 Animate Armour           Summ/Erth      0%         N/A       100%        4
 Animate Dead             Necr           0%         N/A       100%        4
 Cause Fear               Hex            0%         N/A       100%        4
 Dispel Undead            Necr           0%         3d6       100%        4
 Fulminant Prism          Conj/Hex       0%         3d6       100%        4
 Hailstorm                Conj/Ice       0%         3d3       100%        4
 Ice Form                 Ice/Tmut       0%         N/A       100%        4
 Iskenderun's Mystic Bla  Conj/Tloc      0%         2d3       100%        4
 Leda's Liquefaction      Hex/Erth       0%         N/A       100%        4
 Olgreb's Toxic Radiance  Pois           0%         N/A       100%        4
 Sticky Flame             Conj/Fire      0%         2d3       100%        4
 Summon Lightning Spire   Summ/Air       0%         N/A       100%        4
 Blade Hands              Tmut           0%         N/A       100%        5
 Bolt of Magma            Conj/Fire/Erth 0%         4d4       100%        5
 Borgnjor's Vile Clutch   Necr/Erth      0%         N/A       100%        5
 Excruciating Wounds      Necr           0%         N/A       100%        5
 Fireball                 Conj/Fire      0%         3d3       100%        5
 Freezing Cloud           Conj/Ice/Air   0%         6-21      100%        5
 Iskenderun's Battlesphe  Conj           0%         2d6       100%        5
 Lee's Rapid Deconstruct  Erth           0%         3d5*      100%        5
 Lightning Bolt           Conj/Air       0%         1d11      100%        5
 Manifold Assault         Tloc           0%         N/A       100%        5
 Metabolic Englaciation   Hex/Ice        0%         N/A       100%        5
 Silence                  Hex/Air        0%         N/A       100%        5
 Summon Forest            Summ/Tloc      0%         N/A       100%        5
 Yara's Violent Unravell  Hex/Tmut       0%         3d3       100%        5
 Death Channel            Necr           0%         N/A       100%        6
 Eringya's Noxious Bog    Tmut/Pois      0%         N/A       100%        6
 Invisibility             Hex            0%         N/A       100%        6
 Simulacrum               Ice/Necr       0%         N/A       100%        6
 Starburst                Conj/Fire      0%         6d3       100%        6
 Statue Form              Tmut/Erth      0%         N/A       100%        6
 Haunt                    Necr/Summ      0%         N/A       100%        7
 Orb of Destruction       Conj           0%         N/A       100%        7
 Spellforged Servitor     Conj/Summ      0%         N/A       100%        7
 Storm Form               Tmut/Air       0%         N/A       100%        7
 Summon Hydra             Summ           0%         N/A       100%        7
 Discord                  Hex            0%         N/A       100%        8
 Ignition                 Fire           0%         3d3       100%        8
 Infestation              Necr           0%         N/A       100%        8
 Maxwell's Capacitive Co  Air            0%         ∞         100%        8
 Chain Lightning          Conj/Air       0%         N/A       100%        9
 Fire Storm               Conj/Fire      0%         5d1       100%        9


Dungeon Overview and Level Annotations

Branches:
Dungeon (15/15)            Temple (1/1) D:5            Lair (6/6) D:9
  Swamp (4/4) Lair:4        Snake (4/4) Lair:4        Slime (0/5) Lair:5
    Orc (2/2) D:12            Elf (3/3) Orc:2        Vaults (5/5) D:13
  Crypt (0/3) Vaults:2     Depths (5/5) D:15            Zot (5/5) Depths:5
 Bailey (visited)

Altars:
Ashenzari
Cheibriados
Dithmenos
Elyvilon
Fedhas
Gozag
Hepliaklqana
Kikubaaqudgha
Makhleb
Nemelex Xobeh
Okawaru
Qazlal
Ru
Sif Muna
Trog
Uskayaw
Vehumet
Wu Jian
Xom
Yredelemnul
Zin
The Shining One
Jiyva
Lugonu

Shops:
D:2 [   D:4 !   D:8 [   D:15 [   Orc:2 [(*:   Snake:3 ::=   Snake:4 ?
Vaults:1 (   Depths:1 [?(   Depths:4 **   Depths:5 :

Portals:
Hell: Depths:1 Depths:2 Depths:3 Depths:4 Depths:5
Abyss: Depths:1 Depths:2 Depths:4 Depths:5
Pandemonium: Depths:1 Depths:3
Ziggurat: Depths:1

Annotations:
Elf:1 1 runed translucent door, DemonSlayer's ghost, adept TeBe
Vaults:3 2 runed translucent doors, Nornya's ghost, veteran MfSu; mdk's ghost, adept OgHu
Zot:5 exclusion: obsidian statue


Innate Abilities, Weirdness & Mutations

You have sharp toenails.
Your skin changes colour to match your surroundings (Stealth+).
You tend to lose your temper in combat.
You are very clumsy. (Dex -4)
Armour fits poorly on your strangely shaped body.
You are very dopey. (Int -4)
You are very frail. (-20% HP)
Your magical capacity is very low. (-20% MP)
You occasionally shout uncontrollably at your foes.
You are occasionally teleported next to monsters.
You are very weak. (Str -4)
Your spells are a little easier to cast, but a little less powerful.
You sometimes lose the ability to read scrolls when taking damage.


Message History

You feel yourself slow down.
The ancient lich mumbles some strange words.
The ancient lich seems to speed up.
The death cob hits you but does no damage.
The death cob hits you!!
You feel threatened and lose the ability to read scrolls!
The death cob hits you. The Orb Guardian hits you!
* * * LOW HITPOINT WARNING * * *
The orb of fire glows bright magenta.
Strange energies course through your body.
You feel a little pissed off.
The dread lich touches you but does no damage.
The death cob hits you but does no damage. x2
The Orb Guardian hits you.
* * * LOW HITPOINT WARNING * * *
The death cob hits you but does no damage. x3
The dread lich touches you but does no damage.
The shadow demon gestures.
The death cob hits you!
* * * LOW HITPOINT WARNING * * *
The death cob drains your vigour!
You feel as though you will be slow longer.
The Orb Guardian hits you but does no damage.
The orb of fire glows red.
The bolt of fire hits you!! You resist.
* * * LOW HITPOINT WARNING * * *
The death cob hits you but does no damage.
The death cob dissolves into shadows!
The tentacled monstrosity dissolves into shadows!
The death cob hits you but does no damage.
The death cob hits you!
* * * LOW HITPOINT WARNING * * *
The death cob drains your vigour!
You feel as though you will be slow longer.
The death cob hits you but does no damage.
The Orb Guardian hits you!
* * * LOW HITPOINT WARNING * * *
The dread lich gestures wildly while chanting.
The death cob hits you!
You die...

,,,,,,,,,,,,,,,,,,,,^**
,,,,,,,,,,,,,,,,,,,***
*,,,,,,,,,,,,,,,****
▓▓^...8##▓▓▓▓▓▓▓▓▓▓▓#
#.....§......^..^^..#**
^.........^....z##....#*
..............2.2###...#*********
.............^2Lzz#**...,,,,,,,,,
...........5..L*@.# **...........
......§....(...**X# *...(.......
....^.^........X..# *#..........
...§§..§..........# #.X........
..................# ##.DX..d...p
...§.2*..........## #......XqdL.
.....L.§........## *#.....XLXXX.
#....XX........#* *.......X*L..
###############* ########.####


You could see 3 orbs of fire, an ancient lich (fast, invisible), a dread lich
(invisible), a cacodemon (summoned), 3 death cobs, a hell beast (summoned), 2
Orb Guardians, a shadow demon (summoned) and a white imp (summoned).

Vanquished Creatures
  2 dread liches (Zot:5)
  4 orbs of fire
  2 ancient liches
  Mara (Vaults:4)
  Sojobo (Vaults:5)
  The ghost of Goitinis the Warrior, a veteran DgFi (Zot:3)
  Boris (Depths:4)
  A Killer Klown (Zot:4)
  Frederick (Vaults:4)
  The ghost of howech the Severer, a veteran MiGl of the Shining One (Vaults:2)
  6 caustic shrikes
  3 curse toes
  13 golden dragons
  The ghost of Pikuto the Slayer, an adept MiBe of Trog (Depths:4)
  The ghost of Pikuto the Slayer, an adept MiBe of Trog (Depths:4)
  A bone dragon (Depths:5)
  the Enchantress (Depths:4)
  A Brimstone Fiend (Zot:5)
  An iron giant (Depths:4)
  Jorgrun (Swamp:1)
  3 hellephants (Depths:1)
  13 tentacled monstrosities
  10 liches
  Asterion (Vaults:1)
  3 titans
  2 deep elf master archers (Elf:3)
  A deep elf blademaster (Elf:2)
  5 Orb Guardians (Zot:5)
  11 quicksilver dragons
  2 tentacled starspawn
  10 shadow dragons
  Frances (Swamp:1)
  Kirke (Swamp:4)
  6 sphinxes
  8 storm dragons
  Roxanne (D:15)
  10 death cobs
  8 tengu reavers
  Donald (Elf:2)
  12 nagarajas
  3 draconian monks
  The ghost of speeev33 the Severer, a journeyman HOFi of Okawaru (Lair:5)
  9 deep elf sorcerers
  5 frost giants
  The ghost of Xyifiofi the Gelid, an adept OpCj of Sif Muna (Depths:4)
  4 draconian knights
  10 fire giants
  20 vault wardens
  Aizul (Vaults:1)
  The ghost of swinepaste the Fencer, a journeyman DsMo of Wu Jian (Swamp:3)
  2 ghost moths
  4 iron dragons
  A cacodemon (Abyss:2)
  4 draconian scorchers
  8 draconian shifters
  A ghost moth (shapeshifter) (Vaults:5)
  2 emperor scorpions (Depths:2)
  A balrug (Zot:5)
  4 deep elf elementalists
  4 orc warlords
  4 draconian stormcallers
  8 draconian annihilators
  30 ironbound preservers
  25 stone giants
  3 spriggan defenders (Depths:4)
  20 very ugly things
  6 war gargoyles
  7 vampire knights
  6 green draconians
  A caustic shrike skeleton (Depths:4)
  Nessos (Lair:6)
  9 black draconians
  20 red draconians
  2 dire elephants (Vaults:1)
  12 deep elf annihilators
  12 white draconians
  6 deep elf demonologists (Elf:3)
  12 purple draconians
  An entropy weaver (Vaults:3)
  9 yellow draconians
  Snorg (Orc:2)
  8 spark wasps (Depths:3)
  4 bunyips
  3 deep elf death magi
  A blizzard demon (Abyss:3)
  The ghost of Yqoodd the Thaumaturge, a journeyman GnWr of Kikubaaqudgha (D:13)
  4 green deaths (Depths:2)
  3 eleionomae
  A merfolk impaler (Abyss:3)
  Fannar (Orc:1)
  12 fire dragons
  13 ettins
  Josephine (Swamp:1)
  9 deep elf high priests
  5 great orbs of eyes
  17 hydras
  2 spectral fenstrider witches (Swamp:3)
  18 yaktaur captains
  11 ice dragons
  8 ironbound thunderhulks
  4 crystal guardians
  6 rakshasas
  6 ironbound frosthearts
  Harold (Orc:1)
  33 vault guards
  7 peacekeepers
  A catoblepas (Lair:6)
  9 naga warriors
  6 boulder beetles
  2 ogre magi
  Erolcha (D:13)
  15 anacondas
  3 spriggan air magi
  3 centaur warriors
  3 ghost crabs
  An anaconda (shapeshifter) (Vaults:5)
  Erica (Orc:1)
  A death knight (D:15)
  8 alligators
  11 two-headed ogres
  9 deep troll shamans
  9 hell hogs
  3 tengu warriors
  9 deep troll earth magi
  2 thrashing horrors (Abyss:3)
  A vampire mage (Depths:4)
  14 hell knights
  28 dancing weapons
  3 orc high priests (Orc:2)
  12 deep elf knights
  10 shock serpents
  7 spriggan berserkers
  6 naga sharpshooters
  3 ironbound beastmasters (Vaults:1)
  Sonja (Lair:5)
  11 iron trolls
  The ghost of Laummuim the Gouger, a journeyman FeFi of Fedhas (Lair:4)
  2 fire crabs (Swamp:4)
  2 spatial maelstroms
  A fire crab (shapeshifter) (Elf:3)
  A flayed ghost (Depths:2)
  2 wretched stars
  2 spectral spriggans (Swamp:3)
  A sea snake (shapeshifter) (Depths:5)
  3 goliath frogs
  A shadow wraith (Vaults:5)
  3 salamander mystics
  A glowing orange brain (Depths:1)
  100 deep trolls
  A spriggan druid (Swamp:4)
  8 sea snakes (Snake:4)
  24 ironbound convokers
  10 swamp dragons
  7 naga ritualists
  11 wizards
  2 obsidian statues
  8 phantasmal warriors
  6 bog bodies
  2 statues (D:12)
  16 deep elf archers
  12 necromancers
  A tengu zombie (Vaults:1)
  A harpy (shapeshifter) (Vaults:5)
  2 fenstrider witch simulacra (Swamp:3)
  6 lindwurms
  A lindwurm (shapeshifter) (Vaults:5)
  11 harpies
  6 orc sorcerers
  12 mana vipers
  47 deep elf pyromancers
  A faun (Swamp:2)
  An orb spider (D:12)
  36 deep elf zephyrmancers
  10 orc knights
  50 ugly things
  A wolf spider (Depths:2)
  A golden dragon skeleton (Depths:4)
  A tengu skeleton (Depths:4)
  6 cyclopes
  A frost giant zombie (Depths:4)
  2 manticores
  27 elephants
  5 will-o-the-wisps
  An iron dragon skeleton (Depths:4)
  5 oklob plants
  An ice statue (D:9)
  A fire giant skeleton (Depths:4)
  12 moths of wrath
  12 salamanders
  2 guardian serpents (Snake:4)
  22 naga magi
  36 black mambas
  An apocalypse crab (Abyss:2)
  2 molten gargoyles (Lair:6)
  A torpor snail (Lair:6)
  A storm dragon simulacrum (Depths:4)
  3 smoke demons
  19 vault sentinels
  3 orange demons (Abyss:2)
  Maggie (Lair:1)
  A guardian serpent (shapeshifter) (Elf:2)
  3 gargoyles
  3 rime drakes
  3 unseen horrors (Depths:4)
  14 cane toads
  11 komodo dragons
  A yaktaur (shapeshifter) (Vaults:5)
  3 efreet
  4 tengu conjurers
  5 freezing wraiths
  2 spectral death drakes (Swamp:3)
  34 yaktaurs
  An ancient zyme (Abyss:3)
  A hellwing (Depths:1)
  2 queen bees
  A polar bear (Lair:6)
  8 trolls
  2 jumping spiders (Depths:2)
  5 meliai
  6 tyrant leeches
  2 raiju
  A blink frog (shapeshifter) (D:13)
  12 blink frogs
  2 elf zombies
  8 hornets
  31 slime creatures
  12 dream sheep
  A dream sheep (shapeshifter) (D:15)
  2 stone giant simulacra
  9 small abominations
  7 flying skulls (Abyss:2)
  2 shadows
  A redback (shapeshifter) (Vaults:2)
  14 spriggans
  An air elemental (Elf:3)
  14 starcursed masses
  5 wyverns
  A redback (Vaults:3)
  5 water elementals
  6 tarantellas (Depths:2)
  53 yaks
  A hog (Swamp:4)
  A vampire (D:13)
  8 wraiths
  A tarantella (shapeshifter) (D:13)
  3 fire bats
  A ynoxinul (Abyss:2)
  5 basilisks
  17 fire elementals
  3 chaos spawn (Depths:4)
  A spriggan simulacrum (Swamp:3)
  7 steam dragons
  An elf simulacrum (Depths:4)
  13 vampire mosquitoes
  A human simulacrum (Vaults:5)
  2 spatial vortices
  16 swamp worms
  9 large abominations
  36 nagas
  5 wargs (Orc:1)
  16 water moccasins
  2 death drake simulacra (Swamp:3)
  A floating eye (Depths:3)
  2 acid dragons
  A floating eye (shapeshifter) (Vaults:5)
  Purgy (D:4)
  4 hell hounds (Lair:6)
  An ice beast (D:7)
  42 orc warriors
  5 swamp drakes
  4 sky beasts
  A hornet zombie (D:8)
  3 black bears
  2 necrophages
  An ogre (shapeshifter) (D:13)
  3 ettin simulacra (Depths:4)
  8 boggarts
  8 ogres
  15 centaurs
  An orc skeleton (Vaults:1)
  30 wolves
  2 phantoms
  4 kobold brigands
  9 bullfrogs
  A gnoll sergeant (D:10)
  3 human skeletons
  4 earth elementals
  5 scorpions
  A water moccasin skeleton (D:7)
  25 killer bees
  9 wights (D:7)
  An electric eel (Lair:4)
  4 howler monkeys
  6 centaur zombies
  A crimson imp (D:6)
  A quasit (Abyss:2)
  6 lava snakes
  An iron imp (Abyss:3)
  A jelly (Abyss:3)
  2 gnoll shamans (D:7)
  9 hounds
  2 bullfrog skeletons
  14 orc priests
  15 orc wizards
  2 iguanas (D:6)
  Ijyb (D:3)
  2 polar bear simulacra (D:10)
  2 hell rats (Lair:6)
  4 yak simulacra (D:10)
  A killer bee zombie (D:7)
  2 wolf simulacra (D:10)
  A hound skeleton (D:4)
  A howler monkey zombie (D:9)
  Robin (D:4)
  26 gnolls
  A howler monkey skeleton (D:5)
  5 adders
  7 river rats (Lair:6)
  A shadow imp (D:6)
  2 white imps (D:7)
  4 ufetubi
  2 adder skeletons (D:4)
  6 dart slugs
  44 orcs
  6 ball pythons
  4 bats
  4 endoplasms
  A giant cockroach (D:3)
  16 goblins
  13 hobgoblins
  2 quokkas (D:1)
  4 frilled lizards (D:1)
  33 kobolds
  5 rats
  3 river rat simulacra (D:10)
  5 bushes
2303 creatures vanquished.

Vanquished Creatures (others)
  Bai Suzhen (Vaults:4)
  A bunyip (Swamp:2)
  An alligator (Swamp:3)
  2 deep elf knights
  A deep elf pyromancer (Elf:3)
  4 deep elf zephyrmancers
  2 necromancers
  A salamander (Depths:1)
  A bloated husk (Swamp:2)
  3 humans (Swamp:4)
  A steam dragon (Swamp:4)
  A swamp worm (Swamp:3)
  4 swamp drakes (Swamp:4)
  A wolf (Lair:1)
  An orc priest (Vaults:5)
  An orc (Vaults:5)
  20 foxfires
  36 fungi
  2 lurking horrors
  60 plants
  4 starspawn tentacles
148 creatures vanquished.

Grand Total: 2451 creatures vanquished

Notes
Turn   | Place    | Note
-------+----------+-------------------------------------------
     0 | D:1      | speeev33 the Hill Orc Fighter began the quest for the Orb.
     0 | D:1      | Reached XP level 1. HP: 19/19 MP: 1/1
   190 | D:1      | Reached XP level 2. HP: 27/27 MP: 2/2
   578 | D:1      | Found a faded altar of an unknown god.
   751 | D:1      | Reached XP level 3. HP: 33/33 MP: 3/3
  1450 | D:2      | Found Setoi's Armour Emporium.
  1575 | D:3      | Reached XP level 4. HP: 34/40 MP: 4/4
  1761 | D:3      | Reached XP level 5. HP: 42/47 MP: 5/5
  2093 | D:3      | Noticed Ijyb
  2100 | D:3      | Killed Ijyb
  2318 | D:4      | Noticed a necrophage
  2329 | D:4      | Killed a necrophage
  2330 | D:4      | Reached skill level 5 in Fighting
  2330 | D:4      | Reached XP level 6. HP: 54/56 MP: 6/6
  2361 | D:4      | Noticed Purgy
  2376 | D:4      | Killed Purgy
  2377 | D:4      | Reached skill level 5 in Axes
  2377 | D:4      | Reached skill level 5 in Armour
  2592 | D:4      | Reached skill level 5 in Shields
  2592 | D:4      | Reached XP level 7. HP: 60/61 MP: 7/7
  2716 | D:4      | Found Liwigag's Distillery.
  2849 | D:4      | Noticed Robin
  2870 | D:4      | Killed Robin
  2960 | D:5      | Entered Level 5 of the Dungeon
  3038 | D:5      | Found a basalt altar of Yredelemnul.
  3073 | D:5      | Reached XP level 8. HP: 36/70 MP: 8/8
  3255 | D:5      | Found a broken altar of Ashenzari.
  3261 | D:5      | Found a radiant altar of Vehumet.
  3273 | D:5      | Identified a scroll of acquirement
  3273 | D:5      | Acquired the ring "Rutecatiwun" {Fly rElec AC+4 Dex-3
                  | Slay+6}
  3340 | D:5      | Found a staircase to the Ecumenical Temple.
  3357 | Temple   | Entered the Ecumenical Temple
  3466 | Temple   | Became a worshipper of Warmaster Okawaru
  3962 | D:5      | Found a white marble altar of Elyvilon.
  4037 | D:6      | Reached * piety under Okawaru
  4115 | D:6      | Noticed a two-headed ogre
  4164 | D:5      | Killed a two-headed ogre
  4164 | D:5      | Reached ** piety under Okawaru
  4165 | D:5      | Reached XP level 9. HP: 16/81 MP: 9/9
  4817 | D:6      | Found an ancient bone altar of Kikubaaqudgha.
  4999 | D:6      | Found a burning altar of Makhleb.
  5028 | D:7      | Found a bloodstained altar of Trog.
  5300 | D:7      | Noticed a two-headed ogre
  5307 | D:7      | Killed a two-headed ogre
  5307 | D:7      | Reached *** piety under Okawaru
  5308 | D:7      | Reached XP level 10. HP: 91/91 MP: 10/10
  5367 | D:7      | Found an ornate altar of the Wu Jian Council.
  5412 | D:7      | Reached **** piety under Okawaru
  5516 | D:7      | Reached skill level 10 in Axes
  5589 | D:7      | Found a runed translucent door.
  5821 | D:7      | Reached ***** piety under Okawaru
  5823 | D:7      | Identified the +3 mace of Inwost {vamp, rElec rF+ Dex-4}
  5823 | D:7      | Identified the +0 plate armour "Xagryemm" {rN+ rCorr Dex-5}
  5823 | D:7      | Identified the amulet of Qasid {RegenMP rPois rC+ rN+
                  | Stlth-}
  5826 | D:7      | Reached skill level 10 in Fighting
  5830 | D:7      | Noticed a boulder beetle
  5833 | D:7      | Noticed a gargoyle
  5844 | D:7      | Killed a gargoyle
  5844 | D:7      | Received a gift from Okawaru
  5861 | D:7      | Killed a boulder beetle
  5861 | D:7      | Received a gift from Okawaru
  5862 | D:7      | Reached XP level 11. HP: 46/101 MP: 11/11
  6203 | D:7      | Got the Disquisition on Calling
  6204 | D:7      | Identified the +6 dagger "Cikkaludwa" {flame, Str+6 Stlth-}
  6207 | D:7      | Got the Grimoire of Enthralling Shape Shifting
  6761 | D:8      | Found Igoric's Antique Armour Shop.
  6784 | D:8      | Found a snail-covered altar of Cheibriados.
  6841 | D:8      | Found a sparkling altar of Nemelex Xobeh.
  6981 | D:8      | Found a blossoming altar of Fedhas.
  7149 | D:8      | Reached skill level 10 in Shields
  7217 | D:8      | Reached skill level 10 in Armour
  7266 | D:8      | Found a sacrificial altar of Ru.
  7674 | D:9      | Found a staircase to the Lair.
  7779 | D:9      | Found a flagged portal.
  7840 | Bailey   | Entered a bailey
  7971 | Bailey   | Noticed an orc knight
  7990 | Bailey   | Killed an orc knight
  8849 | D:9      | Noticed an obsidian statue
  8856 | D:9      | Noticed a sixfirhy
  8865 | D:9      | Killed an obsidian statue
  9058 | D:9      | Noticed a two-headed ogre
  9072 | D:9      | Killed a two-headed ogre
  9072 | D:9      | Received a gift from Okawaru
  9478 | Lair:1   | Entered Level 1 of the Lair of Beasts
  9520 | Lair:1   | You are sucked into a shaft and drop 1 floor!
  9660 | Lair:1   | You are sucked into a shaft and drop 1 floor!
  9802 | Lair:1   | Reached XP level 12. HP: 106/110 MP: 12/12
  9898 | Lair:1   | Reached XP level 13. HP: 71/117 MP: 13/13
 10181 | Lair:1   | Noticed Maggie
 10190 | Lair:1   | Killed Maggie
 11747 | Lair:3   | Acquired the ring "Tyomonir" {rF+ rCorr Slay+3}
 12337 | Lair:3   | Identified the +4 ring mail of the Fisher {*Corrode Str+4
                  | Dex+2} (Okawaru gifted it to you on level 3 of the Lair of
                  | Beasts)
 12337 | Lair:3   | Received a gift from Okawaru
 13100 | Lair:4   | Found a transporter.
 13104 | Lair:4   | Found a transporter.
 13104 | Lair:4   | Noticed Laummuim's ghost (journeyman FeFi)
 13191 | Lair:4   | Found a staircase to the Snake Pit.
 13565 | Lair:4   | Reached XP level 14. HP: 86/129 MP: 14/14
 13567 | Lair:4   | Found a staircase to the Swamp.
 14407 | Lair:5   | Found a viscous altar of Jiyva.
 14407 | Lair:5   | Found a staircase to the Slime Pits.
 14903 | Lair:5   | Reached ****** piety under Okawaru
 14903 | Lair:5   | Received a gift from Okawaru
 14911 | Lair:5   | Reached skill level 15 in Shields
 14920 | Lair:5   | Noticed Sonja
 14926 | Lair:5   | Killed Sonja
 15167 | Lair:5   | Noticed speeev33's ghost (journeyman HOFi)
 15185 | Lair:5   | Found a bloodstained altar of Trog.
 15196 | Lair:5   | Found a transporter.
 15200 | Lair:5   | Found a transporter.
 15476 | Lair:5   | Received a gift from Okawaru
 15477 | Lair:5   | Reached skill level 1 in Invocations
 15688 | Lair:5   | Identified the +10 rapier of Conud {spect, +Blink rPois rC-
                  | Str+7}
 15694 | Lair:5   | Got the Collected Works on Arcane Weapons
 15967 | Lair:6   | Entered Level 6 of the Lair of Beasts
 15994 | Lair:6   | Reached skill level 15 in Axes
 16723 | Lair:6   | Noticed Nessos
 16737 | Lair:6   | Killed Nessos
 16738 | Lair:6   | Reached XP level 15. HP: 11/139 MP: 18/18
 17118 | Lair:6   | Reached skill level 5 in Invocations
 17166 | Lair:6   | Identified the +1 war axe of Soirots {vorpal, Str+4}
                  | (Okawaru gifted it to you on level 6 of the Lair of Beasts)
 17166 | Lair:6   | Received a gift from Okawaru
 17509 | Lair:6   | Found a large runed translucent door.
 17509 | Lair:6   | Found a large runed translucent door.
 18244 | D:10     | Entered Level 10 of the Dungeon
 18760 | D:10     | Reached skill level 15 in Fighting
 19813 | D:12     | Noticed Maurice
 19818 | D:12     | Noticed Maurice
 19818 | D:12     | Maurice changed into Maurice the orb spider
 19831 | D:12     | Killed Maurice the orb spider
 20093 | D:12     | Found a staircase to the Orcish Mines.
 20633 | Orc:1    | Entered Level 1 of the Orcish Mines
 20641 | Orc:1    | Noticed Harold
 20650 | Orc:1    | Killed Harold
 20651 | Orc:1    | Reached skill level 1 in Evocations
 20725 | Orc:1    | Noticed Fannar
 20725 | Orc:1    | Noticed Erica
 20733 | Orc:1    | Killed Erica
 20744 | Orc:1    | Killed Fannar
 21172 | Orc:2    | Entered Level 2 of the Orcish Mines
 21181 | Orc:2    | Found Kefez's Book Boutique.
 21223 | Orc:2    | Noticed an orc warlord
 21292 | Orc:2    | Killed an orc warlord
 21427 | Orc:2    | Found a burning altar of Makhleb.
 21435 | Orc:2    | Found a staircase to the Elven Halls.
 21597 | Orc:2    | Noticed an orc warlord
 21724 | Orc:1    | Killed an orc warlord
 21892 | Orc:2    | Found Veanorel's General Store.
 21962 | Orc:2    | Noticed Snorg
 21970 | Orc:2    | Killed Snorg
 22090 | Orc:2    | Found Liader's Antique Armour Emporium.
 22135 | Orc:2    | Received a gift from Okawaru
 22266 | Orc:2    | Bought a pitted plate armour for 784 gold pieces
 22266 | Orc:2    | Identified the +1 plate armour of the Aged Quests {Harm
                  | Str+5} (You bought it in a shop on level 2 of the Orcish
                  | Mines)
 22323 | Orc:2    | Found Juam's Antique Weapon Shoppe.
 22977 | D:13     | Found a gate to the Vaults.
 23029 | D:13     | You are sucked into a shaft and drop 2 floors!
 23029 | D:15     | Entered Level 15 of the Dungeon
 23048 | D:15     | Identified Roxanne's Volume of the Mountains
 23048 | D:15     | Noticed Roxanne
 23086 | D:15     | Reached XP level 16. HP: 150/151 MP: 21/21
 23097 | D:15     | Killed Roxanne
 23533 | D:14     | Reached skill level 5 in Evocations
 23548 | D:14     | Acquired 878 gold pieces
 23549 | D:14     | Acquired a +1 broad axe of flaming
 23550 | D:14     | Acquired the +0 pair of boots of the Wilderness {rN+++
                  | Str-3 Int+4}
 23683 | D:13     | Noticed Erolcha
 23689 | D:13     | Killed Erolcha
 23952 | D:13     | Found a runed translucent door.
 23952 | D:13     | Found a shimmering altar of Xom.
 23952 | D:13     | Noticed Yqoodd's ghost (journeyman GnWr)
 23969 | D:13     | Killed Yqoodd's ghost
 24073 | D:13     | Received a gift from Okawaru
 26111 | Lair:4   | Killed Laummuim's ghost
 26327 | Lair:5   | Killed speeev33's ghost
 27456 | D:15     | Received a gift from Okawaru
 28082 | D:15     | Identified the +0 robe of Ciumug {rElec Int+2 Stlth+}
                  | (Okawaru gifted it to you on level 15 of the Dungeon)
 28082 | D:15     | Received a gift from Okawaru
 28085 | D:15     | Found a staircase to the Depths.
 28657 | Swamp:1  | Entered Level 1 of the Swamp
 28759 | Swamp:1  | Reached XP level 17. HP: 153/160 MP: 22/22
 28990 | Swamp:1  | Noticed Frances
 29000 | Swamp:1  | Killed Frances
 29093 | Swamp:1  | Noticed Josephine
 29103 | Swamp:1  | Noticed Jorgrun
 29118 | Swamp:1  | Killed Josephine
 29135 | Swamp:1  | Killed Jorgrun
 29834 | Swamp:2  | Noticed Louise
 29849 | Swamp:2  | Cast into level 3 of the Abyss (Louise)
 30024 | Abyss:3  | Noticed a tentacled starspawn
 30033 | Abyss:3  | Killed a tentacled starspawn
 30104 | Abyss:3  | Noticed a tentacled monstrosity
 30109 | Swamp:2  | Escaped the Abyss
 30115 | Swamp:2  | Noticed Louise
 30115 | Swamp:2  | Louise changed into Louise the faun
 30123 | Swamp:2  | Killed Louise the faun
 30513 | Swamp:2  | Identified the +1 chain mail "Ifeaq" {rPois rF+ Str+3
                  | Dex+4} (Okawaru gifted it to you on level 2 of the Swamp)
 30513 | Swamp:2  | Received a gift from Okawaru
 31642 | Swamp:3  | Found a runed translucent gate.
 31642 | Swamp:3  | Found a runed translucent gate.
 31642 | Swamp:3  | Found a runed translucent gate.
 31644 | Swamp:3  | Noticed swinepaste's ghost (journeyman DsMo)
 31913 | Swamp:4  | Entered Level 4 of the Swamp
 31913 | Swamp:4  | Noticed Kirke
 31920 | Swamp:4  | Killed Kirke
 32467 | Swamp:4  | Reached XP level 18. HP: 125/172 MP: 21/23
 32870 | Swamp:4  | Reached skill level 10 in Evocations
 33237 | Swamp:4  | Acquired 722 gold pieces
 33479 | Swamp:4  | Got a decaying rune of Zot
 33752 | Snake:1  | Entered Level 1 of the Snake Pit
 33766 | Snake:1  | Identified the +1 robe of Gaegig {Int+4} (Okawaru gifted it
                  | to you on level 1 of the Snake Pit)
 33766 | Snake:1  | Received a gift from Okawaru
 36167 | Snake:2  | Received a gift from Okawaru
 37118 | Snake:3  | Reached XP level 19. HP: 132/184 MP: 19/24
 37312 | Snake:3  | Found Yteaq's Book Shop.
 37313 | Snake:3  | Found Poarphot's Jewellery Emporium.
 37314 | Snake:3  | Found Geyseri's Book Shop.
 37886 | Snake:4  | Entered Level 4 of the Snake Pit
 38086 | Snake:4  | Found Vawim's Magic Scroll Shoppe.
 38376 | Snake:4  | Received a gift from Okawaru
 39782 | Snake:4  | Got a serpentine rune of Zot
 40822 | Elf:1    | Entered Level 1 of the Elven Halls
 41316 | Elf:1    | Received a gift from Okawaru
 41548 | Elf:1    | Got the Disquisition on Battle Magic
 41567 | Elf:1    | Found a runed translucent door.
 41568 | Elf:1    | Found a shimmering altar of Xom.
 41568 | Elf:1    | Noticed DemonSlayer's ghost (adept TeBe)
 41569 | Elf:1    | Identified the +12 great sword of World Downfall {chaos,
                  | Contam Fragile rF++ rCorr}
 41799 | Elf:1    | Reached XP level 20. HP: 134/198 MP: 25/25
 42963 | Elf:2    | Noticed Donald
 42981 | Elf:2    | Killed Donald
 43203 | Elf:2    | Found a gateway to a bazaar.
 43263 | Bazaar   | Entered a bazaar
 43277 | Bazaar   | Found Weurgheoj's Magic Scroll Shoppe.
 43299 | Bazaar   | Found Calim's Weapon Shoppe.
 43314 | Bazaar   | Found Jimahi's Antique Weapon Shoppe.
 43401 | Bazaar   | Bought a scroll of teleportation for 51 gold pieces
 43401 | Bazaar   | Bought a scroll of teleportation for 51 gold pieces
 43401 | Bazaar   | Bought a scroll of teleportation for 51 gold pieces
 43401 | Bazaar   | Bought a scroll of enchant armour for 127 gold pieces
 43492 | Elf:2    | Identified the +9 long sword "Kixeqemu" {vorpal, rPois}
 43994 | Elf:2    | Found a huge runed translucent gate.
 43994 | Elf:2    | Found a huge runed translucent gate.
 43994 | Elf:2    | Found a huge runed translucent gate.
 43995 | Elf:2    | Found a huge runed translucent gate.
 43995 | Elf:2    | Found a huge runed translucent gate.
 44709 | Elf:2    | Received a gift from Okawaru
 45297 | Elf:3    | Entered Level 3 of the Elven Halls
 46549 | Elf:3    | Found a shimmering blue altar of Sif Muna.
 46563 | Elf:3    | Paralysed by an air elemental for 1 turns
 46567 | Elf:3    | Paralysed by an air elemental for 1 turns
 46590 | Elf:3    | Identified the +4 long sword of Byanu {chaos, rElec rPois
                  | rCorr}
 46616 | Elf:3    | Noticed a Brimstone Fiend
 46953 | Elf:3    | Noticed a Brimstone Fiend
 47683 | Elf:3    | Reached XP level 21. HP: 192/209 MP: 20/26
 47709 | Elf:3    | Identified the +8 halberd of a bailey {venom, Str+2}
 47709 | Elf:3    | Identified the ring "Effi" {Fire rN+++ rCorr Str-3 Stlth+}
 48012 | Elf:3    | Identified the +5 mace of Ziog {antimagic, Dex+4}
 48110 | Elf:3    | Identified the amulet "Gunumno" {Acrobat Dex+4}
 48145 | Elf:3    | Identified the +6 spear "Riqylent" {vorpal, Int+6}
 48146 | Elf:3    | Identified the +0 pair of boots of Circular Logic {*Slow
                  | Will+ rCorr}
 48584 | Vaults:1 | Entered Level 1 of the Vaults
 48875 | Swamp:3  | Killed swinepaste's ghost
 49174 | Snake:4  | Bought a scroll of enchant armour for 90 gold pieces
 49470 | Vaults:1 | Found Emmaop's Antique Weapon Shop.
 49513 | Vaults:1 | Noticed Asterion
 49796 | Vaults:1 | Received a gift from Okawaru
 49868 | Vaults:1 | Killed Asterion
 50188 | Vaults:1 | Noticed Aizul
 50204 | Vaults:1 | Killed Aizul
 50632 | Vaults:1 | Identified the +12 crystal plate armour of the Monkey
                  | {rElec Dex+3} (Okawaru gifted it to you on level 1 of the
                  | Vaults)
 50632 | Vaults:1 | Received a gift from Okawaru
 51348 | Vaults:2 | Reached XP level 22. HP: 189/220 MP: 27/27
 51377 | Vaults:2 | Found a staircase to the Crypt.
 52209 | D:8      | Bought a glowing hat for 189 gold pieces
 52484 | Vaults:2 | Found a runed translucent gate.
 52484 | Vaults:2 | Found a runed translucent gate.
 52484 | Vaults:2 | Found a runed translucent gate.
 52486 | Vaults:2 | Noticed howech's ghost (veteran MiGl)
 52535 | Vaults:2 | Killed howech's ghost
 52535 | Vaults:2 | Identified the +2 pair of boots of Siacurig {Rampage}
                  | (Okawaru gifted it to you on level 2 of the Vaults)
 52535 | Vaults:2 | Received a gift from Okawaru
 52633 | Vaults:2 | Identified the -5 helmet "Esaushri" {rElec}
 52873 | Vaults:2 | Identified the +0 cloak of the Onion {Str+5}
 53669 | Vaults:3 | Found a large runed translucent door.
 53669 | Vaults:3 | Noticed mdk's ghost (adept OgHu)
 53670 | Vaults:3 | Found a large runed translucent door.
 53670 | Vaults:3 | Noticed Nornya's ghost (veteran MfSu)
 53823 | Vaults:3 | Cast into level 2 of the Abyss (a wizard)
 54067 | Abyss:2  | Reached skill level 15 in Evocations
 54077 | Abyss:2  | Gained mutation: Armour fits poorly on your strangely
                  | shaped body. [a cacodemon]
 54082 | Abyss:2  | Received a gift from Okawaru
 54206 | Abyss:2  | Paralysed by accursed screaming for 2 turns
 54375 | Vaults:3 | Escaped the Abyss
 54478 | Vaults:3 | Reached XP level 23. HP: 129/232 MP: 28/28
 55351 | Vaults:3 | Found a portal to a secret trove of treasure.
 55726 | D:2      | Bought +1 shadow dragon scales for 1044 gold pieces
 56059 | Vaults:3 | You paid a toll of +1 shadow dragon scales to enter a
                  | treasure trove
 56060 | Trove    | Entered a treasure trove
 56071 | Trove    | Identified the +3 scale mail "Jicvuxtol" {rN+++ Will- rCorr
                  | Str+3}
 56075 | Trove    | Identified the amulet of the Ancient Nights {Spirit Dex+2
                  | Stlth+}
 56079 | Trove    | Identified the amulet "Kininnuf" {Spirit rPois rC+}
 56089 | Trove    | Identified the +12 crystal plate armour of Yxtoz {Str+4
                  | Int+3}
 56096 | Trove    | Identified the +8 scimitar "Goblinslayer" {vorpal, +Rage
                  | rPois Will- Stlth+}
 56782 | Vaults:4 | Received a gift from Okawaru
 57627 | Vaults:4 | Noticed Mara
 57670 | Vaults:4 | Killed Mara
 57859 | Vaults:4 | Noticed Frederick
 57876 | Vaults:4 | Killed Frederick
 58097 | Vaults:4 | Noticed Bai Suzhen
 58125 | Vaults:4 | Killed Bai Suzhen
 58502 | Vaults:4 | Reached XP level 24. HP: 238/244 MP: 26/28
 59118 | Depths:1 | Entered Level 1 of the Depths
 59118 | Depths:1 | Found Tisiniot's Antique Armour Emporium.
 59127 | D:15     | Identified the +0 tower shield of Como {rPois} (Okawaru
                  | gifted it to you on level 15 of the Dungeon)
 59127 | D:15     | Received a gift from Okawaru
 59158 | Depths:1 | Bought a translucent helmet for 408 gold pieces
 59158 | Depths:1 | Identified the +2 helmet of Azodouma {rC+ Int+4 SInv
                  | Stlth+} (You bought it in a shop on level 1 of the Depths)
 59216 | Depths:1 | Found a one-way gate to the infinite horrors of the Abyss.
 59330 | Depths:1 | Found a one-way gate leading to the halls of Pandemonium.
 59418 | Depths:1 | Found a gateway to Hell.
 59678 | Depths:1 | Found Kenwirgh's Antique Weapon Emporium.
 59859 | Depths:1 | Found a gateway to a ziggurat.
 59929 | Depths:1 | Found Budghaen's Magic Scroll Boutique.
 59938 | Depths:1 | Found a shimmering altar of Xom.
 60637 | Depths:2 | You are sucked into a shaft and drop 1 floor!
 60728 | Depths:2 | Identified the +3 hand crossbow of Trial by Ordeal {penet,
                  | rPois rC+ Int-4 Stlth+}
 60787 | Depths:2 | Reached skill level 15 in Armour
 61631 | Depths:2 | Found a corrupted altar of Lugonu.
 61811 | Depths:3 | Received a gift from Okawaru
 62014 | Depths:3 | Found a radiant altar of Vehumet.
 62486 | Depths:3 | Reached XP level 25. HP: 157/255 MP: 22/28
 62891 | Depths:3 | Identified the +1 robe of Undesirable Species {rPois rC+
                  | Str-3}
 62917 | Depths:3 | Paralysed by a floating eye for 2 turns
 62922 | Depths:3 | Paralysed by a floating eye for 4 turns
 63160 | Depths:3 | Reached skill level 27 in Fighting
 63338 | Depths:3 | Received a gift from Okawaru
 63846 | Depths:3 | Received a gift from Okawaru
 63846 | Depths:3 | Found the +14 obsidian axe {vorpal, Drain Fly SInv}
 64071 | Depths:4 | Identified the +0 cloak "Bypp" {rF+ Dex+2}
 64433 | Depths:4 | Found a runed translucent door.
 64433 | Depths:4 | Noticed Pikuto's ghost (adept MiBe)
 64463 | Depths:4 | Found Hedun's Specific Store.
 64467 | Depths:4 | Found Bocevi's General Store.
 64475 | Depths:4 | Bought a potion of heal wounds for 65 gold pieces
 64475 | Depths:4 | Bought a potion of resistance for 130 gold pieces
 64719 | Depths:4 | Noticed the Enchantress
 64801 | Depths:4 | Killed the Enchantress
 65333 | Vaults:3 | Lost mutation: Armour fits poorly on your strangely shaped
                  | body. [potion of mutation]
 65333 | Vaults:3 | Gained mutation: Your muscles are strong. (Str +2) [potion
                  | of mutation]
 65333 | Vaults:3 | Gained mutation: You are occasionally teleported next to
                  | monsters. [potion of mutation]
 65333 | Vaults:3 | Gained mutation: Your flesh is cold resistant. (rC+)
                  | [potion of mutation]
 65334 | Vaults:3 | Lost mutation: Your muscles are strong. (Str +2) [potion of
                  | mutation]
 65334 | Vaults:3 | Lost mutation: Your flesh is cold resistant. (rC+) [potion
                  | of mutation]
 65334 | Vaults:3 | Lost mutation: You are occasionally teleported next to
                  | monsters. [potion of mutation]
 65334 | Vaults:3 | Gained mutation: Potions are less effective at restoring
                  | your health. [potion of mutation]
 65334 | Vaults:3 | Gained mutation: You have a pair of small horns on your
                  | head. [potion of mutation]
 65335 | Vaults:3 | Lost mutation: Potions are less effective at restoring your
                  | health. [potion of mutation]
 65335 | Vaults:3 | Lost mutation: You have a pair of small horns on your head.
                  | [potion of mutation]
 65335 | Vaults:3 | Gained mutation: You possess an exceptional clarity of
                  | mind. [potion of mutation]
 65335 | Vaults:3 | Gained mutation: Armour fits poorly on your strangely
                  | shaped body. [potion of mutation]
 65335 | Vaults:3 | Gained mutation: You are somewhat resistant to further
                  | mutation. [potion of mutation]
 65337 | Vaults:3 | Lost mutation: You are somewhat resistant to further
                  | mutation. [potion of mutation]
 65337 | Vaults:3 | Lost mutation: You possess an exceptional clarity of mind.
                  | [potion of mutation]
 65337 | Vaults:3 | Gained mutation: Your spells are a little easier to cast,
                  | but a little less powerful. [potion of mutation]
 65337 | Vaults:3 | Gained mutation: Your skin changes colour to match your
                  | surroundings (Stealth+). [potion of mutation]
 65338 | Vaults:3 | Lost mutation: Your spells are a little easier to cast, but
                  | a little less powerful. [potion of mutation]
 65338 | Vaults:3 | Lost mutation: Armour fits poorly on your strangely shaped
                  | body. [potion of mutation]
 65338 | Vaults:3 | Gained mutation: You have sharp toenails. [potion of
                  | mutation]
 65707 | Depths:4 | Noticed Boris
 66263 | Depths:4 | Killed Boris
 66551 | Depths:4 | Killed Pikuto's ghost
 66551 | Depths:4 | Received a gift from Okawaru
 66576 | Depths:4 | Found a runed translucent door.
 66579 | Depths:4 | Noticed Xyifiofi's ghost (adept OpCj)
 66599 | Depths:4 | Reached XP level 26. HP: 226/266 MP: 25/28
 66600 | Depths:4 | Killed Xyifiofi's ghost
 66612 | Depths:4 | Found a runed translucent door.
 66612 | Depths:4 | Noticed Pikuto's ghost (adept MiBe)
 66705 | Depths:4 | Killed Pikuto's ghost
 67110 | Depths:5 | Entered Level 5 of the Depths
 67291 | Depths:5 | Received a gift from Okawaru
 67403 | Depths:5 | Found a gate to the Realm of Zot.
 68051 | Depths:5 | Found Cioci's Book Shop.
 68736 | Depths:5 | Found a shimmering blue altar of Sif Muna.
 69212 | Vaults:5 | Entered Level 5 of the Vaults
 69544 | Vaults:5 | Identified the +1 broad axe of Compound Interest {vamp, rN+
                  | Dex+4} (Okawaru gifted it to you on level 5 of the Vaults)
 69544 | Vaults:5 | Received a gift from Okawaru
 69692 | Vaults:5 | Noticed Sojobo
 69851 | Vaults:5 | Killed Sojobo
 69864 | Vaults:5 | Reached XP level 27. HP: 226/273 MP: 21/28
 69866 | Vaults:5 | Noticed an ancient lich
 69873 | Vaults:5 | Identified the +7 war axe of Zin's Wrath {protect, Str+5}
 69906 | Vaults:5 | Killed an ancient lich
 70265 | Vaults:5 | Got a silver rune of Zot
 70271 | Vaults:5 | Identified the +4 hand axe "Wiothal" {vorpal, rElec rN+
                  | Str+4 SInv} (Okawaru gifted it to you on level 5 of the
                  | Vaults)
 70271 | Vaults:5 | Received a gift from Okawaru
 70968 | Vaults:5 | Received a gift from Okawaru
 71013 | Vaults:5 | Got the Reference Book on Fire and the Birds
 71034 | Vaults:5 | Acquired 1228 gold pieces
 71139 | Vaults:5 | Identified the +6 scimitar of the Glowing Dove {drain,
                  | rElec Stlth+}
 71157 | Vaults:5 | Identified the +3 acid dragon scales of the Orcish Mines
                  | {Regen+ rCorr Str+4 SInv}
 71275 | Vaults:5 | Identified the +10 dagger "Assop" {vorpal, rF+}
 71847 | Vaults:5 | Identified the ring "Canax" {Str+6 Int+5 Dex+3 Slay-6}
 72241 | Zot:1    | Entered Level 1 of the Realm of Zot
 72440 | Zot:1    | Got the Incunabulum of Venomous Evil Magic
 72781 | Zot:1    | Received a gift from Okawaru
 73187 | Zot:1    | Reached skill level 27 in Armour
 73219 | Zot:1    | Noticed an orb of fire
 73227 | Zot:1    | Killed an orb of fire
 73823 | Zot:1    | Received a gift from Okawaru
 75362 | Zot:3    | Received a gift from Okawaru
 75693 | Zot:3    | Noticed an orb of fire
 75705 | Zot:3    | Gained mutation: You are occasionally teleported next to
                  | monsters. [an orb of fire]
 75706 | Zot:3    | Killed an orb of fire
 75958 | Zot:3    | Found a runed translucent door.
 75962 | Zot:3    | Noticed Goitinis's ghost (veteran DgFi)
 75985 | Zot:3    | Killed Goitinis's ghost
 75995 | Zot:3    | Got the Compendium of Damaging Poison
 75999 | Zot:3    | Identified the +0 chain mail of Masochism {Str+5 Slay+2}
 77817 | Zot:5    | Entered Level 5 of the Realm of Zot
 77974 | Zot:5    | Noticed an ancient lich
 77982 | Zot:5    | Noticed an orb of fire
 77985 | Zot:5    | Noticed an orb of fire
 77989 | Zot:5    | Noticed an orb of fire
 77993 | Zot:5    | Noticed an orb of fire
 77996 | Zot:5    | Noticed a dread lich
 78004 | Zot:5    | Killed an ancient lich
 78005 | Zot:5    | Noticed an ancient lich
 78012 | Zot:5    | Noticed an ancient lich
 78015 | Zot:5    | Gained mutation: Your magical capacity is low. (-10% MP)
                  | [an orb of fire]
 78388 | Zot:5    | Gained mutation: You tend to lose your temper in combat.
                  | [an orb of fire]
 78394 | Zot:5    | Killed a dread lich
 78394 | Zot:5    | Received a gift from Okawaru
 78398 | Zot:5    | Gained mutation: Armour fits poorly on your strangely
                  | shaped body. [an orb of fire]
 78408 | Zot:5    | Killed an orb of fire
 78462 | Zot:5    | Noticed a dread lich
 78475 | Zot:5    | Killed a dread lich
 78497 | Zot:5    | Lost mutation: You tend to lose your temper in combat. [an
                  | orb of fire]
 78507 | Zot:5    | Killed an orb of fire
 78906 | Zot:5    | Noticed an orb of fire
 78907 | Zot:5    | Noticed a dread lich
 78913 | Zot:5    | Noticed an orb of fire
 78919 | Zot:5    | Gained mutation: You are dopey. (Int -2) [an orb of fire]
 78920 | Zot:5    | Gained mutation: You are very dopey. (Int -4) [an orb of
                  | fire]
 78921 | Zot:5    | Gained mutation: You are weak. (Str -2) [an orb of fire]
 78924 | Zot:5    | Gained mutation: You are very weak. (Str -4) [an orb of
                  | fire]
 78926 | Zot:5    | Gained mutation: You are frail. (-10% HP) [an orb of fire]
 78927 | Zot:5    | Gained mutation: You are clumsy. (Dex -2) [an orb of fire]
 78928 | Zot:5    | Gained mutation: You are very clumsy. (Dex -4) [an orb of
                  | fire]
 78930 | Zot:5    | Gained mutation: You are very frail. (-20% HP) [an orb of
                  | fire]
 78931 | Zot:5    | Gained mutation: Your spells are a little easier to cast,
                  | but a little less powerful. [an orb of fire]
 78932 | Zot:5    | Gained mutation: You occasionally shout uncontrollably at
                  | your foes. [an orb of fire]
 78933 | Zot:5    | Gained mutation: You sometimes lose the ability to read
                  | scrolls when taking damage. [an orb of fire]
 78935 | Zot:5    | Gained mutation: Your magical capacity is very low. (-20%
                  | MP) [an orb of fire]
 78938 | Zot:5    | Paralysed by a dread lich for 4 turns
 78939 | Zot:5    | Gained mutation: You tend to lose your temper in combat.
                  | [an orb of fire]
 78941 | Zot:5    | HP: 2/218 [Orb Guardian (10)]
 78941 | Zot:5    | Mangled by a death cob

Illustrated notes

Levels and vault maps discovered:
D:1:      dpeg_arrival_shrine, layout_loops_cross,
          ebering_ecumenical_altar_webs, due_unseen_surprise
D:2:      layout_loops_cross, serial_shops, shop
D:3:      layout_rooms, amcnicky_mini_corridor_feature, uniq_ijyb
D:4:      layout_cave_pools, serial_shops, nicolae_shop_behind_doors,
          st_stairs_12, glass_columns_a, uniq_robin, uniq_purgy
D:5:      layout_cave_pools, lemuel_round_altar, nicolae_overflow_hidden_temple,
          minmay_temple_entry_mini_moons, hangedman_abyss_or_decor_stabs,
          kennysheep_nub, minmay_manual_moon
D:6:      layout_basic, makhleb_grotto_becter, lemuel_round_altar
D:7:      minmay_the_grid_triangle_9x9_rhombus_full
          [minmay_the_grid_triangle_9x9_alien,
          minmay_the_grid_triangle_9x9_intruding_spiral,
          minmay_the_grid_triangle_9x9_windchime,
          minmay_the_grid_triangle_9x9_subtriangle,
          minmay_the_grid_triangle_9x9_shrine,
          minmay_the_grid_triangle_9x9_skeleton,
          minmay_the_grid_triangle_9x9_pentomino_pain,
          minmay_the_grid_triangle_9x9_prize_schism], layout_basic,
          mainiacjoe_overflow_alcove_2, lemuel_doored_altar, kennysheep_dice
D:8:      layout_loops_ring, nicolae_ru_path_of_blood,
          mainiacjoe_overflow_boulevard, mainiacjoe_overflow_surrounded_room,
          kennysheep_slug_shrine, serial_shops, shop, minmay_misc_feat_rugged
D:9:      minmay_separated_statues, layout_basic, dpeg_oklobed_lair,
          enter_bailey_8
D:10:     layout_rooms, eino_house_with_fridge
D:11:     layout_loops_ring, grunt_decor_arrowhead
D:12:     layout_gridville, orc_0_dummy, minmay_dual_archer_statues,
          uniq_maurice
D:13:     layout_grid_maze, david_vaults_2, ebering_ghost_xom, uniq_erolcha
D:14:     layout_roguey [special_room_bee]
D:15:     grunt_enter_depths_hoard, layout_irregular_city,
          amcnicky_mini_rare_corridor_liquid, uniq_roxanne
Temple:   dpeg_chambers_temple
Lair:1:   layout_roguey, minmay_lair_oklob_bushes, uniq_maggie
Lair:2:   layout_cave_pods, beast_lair_carwin_11, grunt_megastairs_4
Lair:3:   layout_roguey, serial_bayou_shore_b
Lair:4:   layout_hall_layers, nicolae_swamp_entry_splash_gauntlet,
          guppyfry_snake_entry_island, gammafunk_ghost_hive, lemuel_fruit_tree
Lair:5:   layout_gridlike, slime_altar_1, gammafunk_ghost_wrathful_warriors,
          chequers_serial_rivers_marsh, minmay_lair_oklob_chamber, uniq_sonja
Lair:6:   cheibrodos_lair_end_hotspot, layout_misc_corridors, st_stairs_7,
          kennysheep_rathole, uniq_nessos
Swamp:1:  layout_basic_swamp, evilmike_swamp_ruin_rubble_1, swamp_pool3,
          uniq_josephine, uniq_jorgrun, uniq_frances
Swamp:2:  layout_falls_marsh, nicolae_swamp_bean_lake, uniq_louise
Swamp:3:  layout_basic_swamp, gammafunk_ghost_necromancy,
          evilmike_swamp_ruin_house_3
Swamp:4:  swamp_fiery, layout_basic_swamp, swamp_pool3,
          infiniplex_staircase_pool, uniq_kirke
Snake:1:  layout_misc_corridors
Snake:2:  layout_onion_interference, grunt_ministairs_14
Snake:3:  layout_chambers, minmay_shop_grove
Snake:4:  grunt_snake_rune_pools, layout_grid_maze, serial_shops,
          nicolae_shop_trees
Orc:1:    nicolae_orc_accident_1, layout_caves, nooodl_orcs_dogs, uniq_fannar,
          uniq_harold, uniq_erica
Orc:2:    grunt_orc_gardens, layout_caves, grunt_orc_garden, grunt_orc_garden,
          grunt_orc_garden, grunt_orc_garden, basic_altar, uniq_snorg
Elf:1:    minmay_elf_arrival_summoners, layout_loops_ring, ebering_ghost_xom,
          minmay_elf_annihilation, roderic_roman_lattice,
          nicolae_elf_glass_and_crystal_pillar_2
Elf:2:    elven_hall_of_blades_hangedman_alternative
          [nicolae_blade_entry_area_security], layout_loops_ring, serial_shops,
          statue_bzr, uniq_donald
Elf:3:    minmay_elf_hall_dome, layout_geoelf_octagon, basic_altar
Vaults:1: vaults_dpeg_encased_lava, vaults_standard_mumra_lines,
          hangedman_vaults_cutoff, v_misc_10, nicolae_vaults_theta,
          nicolae_vaults_little_squares_4, hangedman_vaults_impose,
          v_alt_pattern_2, v_pattern_2, ontoclasm_vaults_decontamination,
          nicolae_vaults_little_squares_2, layout_vaults_ring, serial_shops,
          nicolae_shop_overgrown_old_shop, infiniplex_enter_wizlab_water,
          uniq_aizul, uniq_asterion
Vaults:2: gammafunk_vaults_ghost_tricky_traps, ontoclasm_vaults_ring_large,
          grunt_vaults_diagonal, vaults_room_hangedman_quadrants,
          vaults_dpeg_doors, nicolae_vaults_ninety_degrees, v_misc_26,
          nicolae_vaults_border_crossing, ontoclasm_vaults_twist,
          layout_vaults_chaotic_city, dummy_crypt_entry
Vaults:3: advil_vaults_ghost_guards, vaults_dpeg_ring, hangedman_vaults_nails,
          nicolae_vaults_network_s, nicolae_vaults_big_ls, grunt_vaults_bifocal,
          vaults_room_boxed, ontoclasm_vaults_ring_small, layout_vaults_maze,
          enter_trove_1
Vaults:4: hangedman_vaults_cutoff, st_diamondy, ontoclasm_vaults_loading_screen,
          v_pattern_3, nicolae_vaults_circle_grid_a, nicolae_vaults_arrows,
          nicolae_vaults_gold_heap, ontoclasm_vaults_idyll,
          vaults_mumra_minichess_inversion, grunt_vaults_focal, v_misc_4,
          nicolae_vaults_inception_statues, vaults_mumra_hex,
          vaults_room_semicircle, ontoclasm_vaults_gateway,
          layout_vaults_big_cross, uniq_mara, uniq_frederick, uniq_bai_suzhen,
          uniq_margery
Vaults:5: serial_shops, uniq_sojobo
Depths:1: layout_basic, enter_ziggurat_e, grunt_pan_entry_in_and_out,
          abyss_entry, grunt_hell_horde, serial_shops, shop, shop_statue,
          shop_fountains, hangedman_decor_points, xom_confusion_cloud,
          serial_bayou_shore_b
Depths:2: cheibrodos_poisonous_passages, layout_gridlike, hell_entry,
          abyss_entry_flame_altar
Depths:3: grunt_crosshair, layout_gridville, grunt_hell_entry_dis_mu,
          fiery_altar_vehumet, pan_entry
Depths:4: hangedman_elemental_death_ray, layout_gridlike,
          minmay_room_of_horrors, muffindrake_ghost_three_little_ghosts,
          hell_entry, minmay_misc_feat_diagonals, nicolae_specific_store,
          small_statue_intersection, uniq_enchantress, uniq_boris
Depths:5: evilmike_zot_entry_basic, layout_gridlike,
          pf_vacation_house_of_asmodeus, serial_shops, shop,
          chequers_decorated_corner, abyss_entry, lemuel_blue_sif_altar
Zot:1:    lemuel_firehouse, layout_cathedral_of_symmetry
Zot:2:    layout_basic, grunt_megastairs_2
Zot:3:    layout_gridlike, ebering_ghost_reflecting_pool
Zot:4:    layout_onion
Zot:5:    layout_basic, st_stairs_10

Skill      XL: |  1  2  3  4  5  6  7  8  9 10 11 12 13 14 15 16 17 18 19 20 21 22 23 24 25 26 27 |
---------------+----------------------------------------------------------------------------------+-----
Axes           | 3 4 5 6 8 9 11 12 14 15 16 17 18 21 | 21.9
Fighting       | 4 5 6 8 9 10 11 13 14 15 16 18 19 21 22 23 24 25 26 27 | 27.0
Armour         | 4 5 7 8 9 10 12 13 16 20 23 27 | 27.0
Shields        | 4 5 7 8 9 13 14 15 16 17 18 19 21 22 23 25 | 25.0
Invocations    | 4 7 |  7.0
Evocations     | 4 7 9 10 12 13 15 20 | 20.2

Action                   |  1- 3 |  4- 6 |  7- 9 | 10-12 | 13-15 | 16-18 | 19-21 | 22-24 | 25-27 || total
-------------------------+-------+-------+-------+-------+-------+-------+-------+-------+-------++-------
Melee: War axe           |    97 |    94 |   208 |   152 |       |       |       |       |       ||   551
       Broad axe         |       |       |       |   205 |   885 |   999 |  1181 |  1093 |  1667 ||  6030
       Morningstar       |       |       |       |       |    34 |       |       |       |       ||    34
Throw: Throwing net      |       |       |       |       |     3 |       |       |       |     1 ||     4
Invok: Heroism           |       |       |       |     3 |     9 |    10 |    22 |    21 |    38 ||   103
       Finesse           |       |       |       |       |     3 |     4 |    10 |     8 |    20 ||    45
Evoke: Wand              |       |       |     5 |       |    19 |     8 |     5 |     3 |       ||    40
  Use: Scroll            |     1 |     2 |     7 |    11 |    12 |     7 |    12 |     4 |     7 ||    63
       Potion            |       |     1 |     1 |     3 |     1 |     4 |       |       |    13 ||    23
 Stab: Held in net/web   |       |       |       |       |     2 |       |       |       |     1 ||     3
       Distracted        |       |       |       |       |     1 |    10 |    19 |    11 |    25 ||    66
Armor: Scale mail        |    31 |       |       |       |       |       |       |       |       ||    31
       Chain mail        |    26 |    66 |    94 |    59 |       |       |       |       |       ||   245
       Plate armour      |       |       |       |   123 |   466 |   369 |   285 |       |       ||  1243
       Crystal plate arm |       |       |       |       |       |       |    16 |   281 |   652 ||   949
Dodge: Dodged            |    23 |    19 |    54 |    81 |   195 |   129 |   112 |    69 |   240 ||   922
Block: Kite shield       |    58 |    55 |   187 |   305 |   525 |       |       |       |       ||  1130
       Reflection        |       |       |     8 |     3 |       |       |       |       |       ||    11
       Tower shield      |       |       |       |       |   252 |  1200 |  1327 |  1175 |  1731 ||  5685
